 Dungeon Crawl Stone Soup version 0.29.0-10-g45618ea6d2 (webtiles) character file.

Game seed: 15460367389480975043

114535 Armakuni the Stormcaller (level 15, -17/113 HPs)
             Began as a Demigod Conjurer on Sept 1, 2022.
             Demolished by a redback simulacrum (20 damage)
             ... on level 3 of the Spider Nest.
             The game lasted 01:56:18 (37237 turns).

Armakuni the Stormcaller (Demigod Conjurer)        Turns: 37237, Time: 01:56:18

Health: -17/113    AC: 14    Str: 20      XL:     15   Next: 68%
Magic:  26/42      EV: 13    Int: 38 (39) God:
Gold:   921        SH:  6    Dex: 16      Spells: 0/34 levels left

rFire   . . .      SeeInvis .   a - +0 whip "Jucus" {speed, Int+6}
rCold   . . .      Faith    .   q - +0 buckler
rNeg    . . .      Spirit   .   H - +0 acid dragon scales
rPois   +          Reflect  .   g - +0 helmet
rElec   .          Harm     .   u - +2 cloak
rCorr   +          Rampage  .   G - +1 pair of gloves of Distant Shores {Int+3}
Will    ++...                   B - +1 pair of boots
Stlth   ++........              M - amulet of magic regeneration
HPRegen 0.28/turn               P - ring of Tesez {rPois MP+9 Int+2 Dex+4}
MPRegen 0.68/turn               W - ring of willpower

@: about to teleport, corroded
A: high MP 1, forlorn, divine attributes
a: no special abilities


You were on level 3 of the Spider Nest.
You visited 4 branches of the dungeon, and saw 25 of its levels.
You also visited: Ice Cave.

You collected 2451 gold pieces.
You spent 1530 gold pieces at shops.

Inventory:

Hand Weapons
 a - the +0 whip "Jucus" (weapon) {speed, Int+6}
   (You found it on level 3 of the Dungeon)

   Attacks with this weapon are significantly faster.
   Int:       It affects your intelligence (+6).
 b - a +2 quarterstaff of flaming
Missiles
 l - 2 throwing nets
 K - 15 curare-tipped darts (quivered)
Armour
 g - a +0 helmet (worn)
 q - a +0 buckler (worn)
 u - a +2 cloak (worn)
 B - a +1 pair of boots (worn)
 E - a scarf of invisibility
 G - the +1 pair of gloves of Distant Shores (worn) {Int+3}
   (You found it in an ice cave)

   Int:       It affects your intelligence (+3).
 H - +0 acid dragon scales (worn)
Jewellery
 L - a ring of flight
 M - an amulet of magic regeneration (around neck)
 P - the ring of Tesez (left hand) {rPois MP+9 Int+2 Dex+4}
   (You bought it in a shop on level 2 of the Orcish Mines)

   [ring of magical power]

   Int:       It affects your intelligence (+2).
   Dex:       It affects your dexterity (+4).
   rPois:     It protects you from poison.
   MP:        It affects your magic capacity (+9).
 W - a ring of willpower (right hand)
Wands
 c - a wand of charming (34)
 h - a wand of acid (12)
 j - a wand of iceblast (11)
 m - a wand of mindburst (9)
 v - a wand of flame (17)
 N - a wand of digging (4)
 Q - a wand of polymorph (6)
Scrolls
 e - 4 scrolls of vulnerability
 i - 2 scrolls of torment
 k - 7 scrolls of enchant weapon
 n - a scroll of amnesia
 o - 9 scrolls of poison
 p - 5 scrolls of teleportation
 y - a scroll of magic mapping
 D - a scroll of immolation
 F - 4 scrolls of silence
 I - a scroll of fog
 O - 4 scrolls of noise
 S - a scroll of enchant armour
Potions
 d - 7 potions of mutation
 f - 2 potions of invisibility
 r - 9 potions of curing
 s - 6 potions of might
 t - 3 potions of cancellation
 w - 2 potions of magic
 x - 6 potions of lignification
 z - 6 potions of haste
 A - 4 potions of flight
 C - 4 potions of berserk rage
 J - 2 potions of resistance
 R - a potion of brilliance


   Skills:
 - Level 5.0 Fighting
 - Level 5.0 Staves
 - Level 10.0 Armour
 - Level 5.0 Dodging
 - Level 1.7 Stealth
 - Level 6.0 Shields
 - Level 10.0 Spellcasting
 - Level 10.0 Conjurations
 - Level 4.0 Translocations
 - Level 5.0 Ice Magic
 + Level 16.7 Air Magic
 - Level 5.0 Evocations


You couldn't memorise any spells.
You knew the following spells:

 Your Spells              Type           Power      Damage    Failure   Level
c - Mephitic Cloud        Conj/Pois/Air  72%        N/A       1%          3
e - Maxwell's Capacitive  Air            49%        ∞         22%         8
j - Freezing Cloud        Conj/Ice/Air   39%        6-21      1%          5
l - Lightning Bolt        Conj/Air       44%        1d63      1%          5
m - Iskenderun's Mystic   Conj/Tloc      64%        2d13      1%          4
p - Fulminant Prism       Conj/Hex       27%        3d14      4%          4
r - Frozen Ramparts       Ice            100%       1d16      1%          3
z - Searing Ray           Conj           100%       2d8       1%          2

Your spell library contained the following spells:

 Spells                   Type           Power      Damage    Failure   Level
 Freeze                   Ice            100%       1d11      1%          1
 Magic Dart               Conj           100%       1d8       1%          1
 Static Discharge         Conj/Air       88%        3-14/arc  1%          2
 Dazzling Flash           Conj/Hex       100%       N/A       1%          3
 Ozocubu's Armour         Ice            54%        N/A       1%          3
 Teleport Other           Tloc           49%        N/A       1%          3
 Hailstorm                Conj/Ice       66%        3d14      1%          4
 Iskenderun's Battlesphe  Conj           76%        2d12      1%          5
 Necrotise                Necr           76%        1d7       3%          1
 Summon Small Mammal      Summ           76%        N/A       3%          1
 Sublimation of Blood     Necr           19%        N/A       4%          2
 Wereblood                Tmut           19%        N/A       4%          2
 Portal Projectile        Hex/Tloc       68%        N/A       4%          3
 Call Canine Familiar     Summ           19%        N/A       10%         3
 Ignite Poison            Fire/Tmut/Pois 19%        N/A       10%         3
 Summon Guardian Golem    Hex/Summ       19%        N/A       10%         3
 Vampiric Draining        Necr           19%        2d7       10%         3
 Cause Fear               Hex            9%         N/A       30%         4
 Summon Forest            Summ/Tloc      17%        N/A       36%         5
 Orb of Destruction       Conj           38%        9d11      41%         7
 Starburst                Conj/Fire      27%        6d9       52%         6
 Agony                    Necr           19%        N/A       65%         5
 Summon Mana Viper        Hex/Summ       19%        N/A       65%         5
 Ozocubu's Refrigeration  Ice            27%        4d13      98%         7
 Spellforged Servitor     Conj/Summ      27%        N/A       98%         7
 Summon Cactus Giant      Summ           9%         N/A       99%         6
 Dragon Form              Tmut           9%         N/A       100%        7
 Summon Hydra             Summ           9%         N/A       100%        7
 Chain Lightning          Conj/Air       44%        3d58      100%        9
 Dragon's Call            Summ           9%         N/A       100%        9


Dungeon Overview and Level Annotations

Branches:
Dungeon (15/15)            Temple (0/1) D:7            Lair (5/5) D:11
 Shoals (0/4) Lair:2       Spider (3/4) Lair:2        Slime (0/5) Lair:5
    Orc (2/2) D:11            Elf (0/3) Orc:2        Vaults (0/5) D:14
  IceCv (visited)
 Depths: D:15

Shops:
D:12 *:   D:14 *??   Orc:2 *[(=(

Annotations:
D:4 3 runed translucent doors, sentinel's ghost, amateur MeEE
D:11 3 runed translucent doors, Flugkiller's ghost, journeyman MiFi


Innate Abilities, Weirdness & Mutations

You have an increased reservoir of magic. (+10% MP)
You shall have no god before yourself.
Your divine heritage dramatically boosts your attributes as you level up.


Message History

The moth of wrath is engulfed in poison gas.
The moth of wrath looks even sicker.
The redback simulacrum completely resists.
The wall freezes the redback simulacrum but does no damage.
The redback simulacrum bites you. The redback simulacrum freezes you!
The redback simulacrum completely resists.
The wall freezes the redback simulacrum but does no damage.
The redback simulacrum closely misses you.
Your frozen ramparts will break if you move.
Continue?
The redback simulacrum attacks as you move away!
The redback simulacrum bites you. The redback simulacrum freezes you!!
* * * LOW HITPOINT WARNING * * *
The redback simulacrum attacks as you move away!
You block the redback simulacrum's attack.
The frozen ramparts melt away as you move.
An orb spider, 2 jumping spiders, a culicivora and a redback come into view.
The orb spider's many legs skitter faintly.
The jumping spider's many legs skitter faintly.
The culicivora's many legs skitter faintly.
You kill the jumping spider!
A freezing mist starts to gather...
A redback comes into view.
The culicivora is engulfed in poison gas.
The culicivora looks even sicker.
The entropy weaver looks even sicker.
The moth of wrath is engulfed in poison gas.
The moth of wrath looks as sick as possible!
The steelbarb worm hits you but does no damage.
The jumping spider leaps!
The jumping spider pounces on you!
* * * LOW HITPOINT WARNING * * *
The jumping spider closely misses you.
The redback moves out of view.
A jumping spider simulacrum comes into view.
You feel better.
The culicivora is engulfed in poison gas.
The culicivora looks as sick as possible!
The entropy weaver is engulfed in poison gas.
The entropy weaver looks as sick as possible!
The redback simulacrum bites you.
* * * LOW HITPOINT WARNING * * *
The redback simulacrum freezes you!!
You die...

.B^...# ....#^.....##.###
.......... #.....##○.^..^.<##
#>........##§☼.☼§^(§§#^§....#
...#... ..§...##§s#§§#§.....#
. ..... #§§.§§§§.Z<#☼^§....#
..#...# #.§#§s§s§☼☼s.#...##
#. ...# #§.sy§§.§☼#§#^.###
#.. ..# ..#☼§#wBss§§#####
#☼§B§@#..## #......#Z§##
#§§§§§§Z#§# #.§§☼§☼#####
##§##☼## ## ###


You could see an entropy weaver (soul bound, extremely poisoned), a steelbarb
worm (soul bound, very poisoned), a moth of wrath (extremely poisoned), an orb
spider, 2 culicivoras, a pharaoh ant, 3 jumping spiders, a redback (soul bound),
a jumping spider simulacrum and a redback simulacrum.

Vanquished Creatures
  Mlioglotl (Spider:1)
  Frances (D:13)
  Kirke (D:14)
  An orc warlord (Orc:1)
  2 very ugly things (IceCv)
  A broodmother (Spider:2)
  Nessos (D:12)
  Snorg (D:13)
  Josephine (Orc:1)
  2 boulder beetles
  3 vault guards (D:14)
  A rakshasa (D:14)
  A catoblepas (Lair:3)
  7 hydras
  A radroach (Spider:2)
  2 two-headed ogres (D:9)
  A death knight (D:13)
  An ogre mage (D:14)
  6 centaur warriors
  2 orc high priests (Orc:2)
  3 death yaks (Lair:5)
  Sonja (D:12)
  A skeletal warrior (D:13)
  2 pharaoh ants
  An orb spider (Spider:2)
  A deep elf archer (D:14)
  2 wizards
  2 spriggan simulacra (Spider:2)
  2 lindwurms
  2 orange crystal statues (IceCv)
  Pikel (D:5)
  A deep elf pyromancer (D:9)
  6 orc knights
  4 ugly things
  11 wolf spiders
  3 manticores
  8 orc sorcerers
  9 elephants
  A cyclops (Orc:1)
  A merfolk siren (Lair:2)
  Maurice (D:9)
  A moth of wrath (Spider:1)
  12 black mambas
  A guardian serpent (Lair:5)
  Joseph (Lair:1)
  A torpor snail (Spider:3)
  15 cane toads
  8 freezing wraiths
  4 demonic crawlers
  An unseen horror (D:11)
  10 komodo dragons
  Maggie (D:8)
  A rime drake (Lair:4)
  A yaktaur (D:14)
  3 kobold demonologists
  2 anaconda simulacra (IceCv)
  4 golden dragon simulacra (IceCv)
  8 trolls
  3 meliai
  2 polar bears (Lair:5)
  11 blink frogs
  6 hornets
  A wolf spider simulacrum (D:14)
  9 tarantellas
  2 dire elephant simulacra
  12 jumping spiders
  16 wyverns
  A shadow (D:12)
  13 culicivoras
  A vampire (D:12)
  58 yaks
  9 wraiths
  25 redbacks
  2 steam dragons
  A basilisk (Lair:3)
  17 vampire mosquitoes
  3 harpy simulacra
  A minotaur simulacrum (Spider:2)
  A warg (Orc:1)
  An acid dragon (D:8)
  2 hydra simulacra (IceCv)
  20 water moccasins
  4 black bears
  25 orc warriors
  An ice beast (D:6)
  3 alligator simulacra
  A sky beast (D:8)
  2 ettin simulacra (IceCv)
  9 ogres
  5 wolves (Lair:5)
  2 lemures (D:5)
  10 centaurs
  12 kobold brigands
  14 bullfrogs
  5 gnoll sergeants (D:11)
  A necrophage (D:8)
  2 scorpions
  11 wights
  3 lindwurm simulacra
  11 killer bees (D:8)
  3 howler monkeys
  3 hounds
  9 orc priests
  A gnoll bouda (D:7)
  15 jellies
  Crazy Yiuf (D:4)
  28 orc wizards
  Ijyb (D:5)
  An iguana (D:6)
  4 hell rats (Lair:3)
  5 adders
  2 gnolls
  3 shadow imps
  A white imp (D:6)
  3 ufetubi
  2 worms (D:2)
  3 dart slugs
  83 orcs
  12 endoplasms
  4 goblins
  12 hobgoblins
  2 jackals (D:1)
  2 quokkas
  6 ball pythons
  2 bats (D:2)
  4 frilled lizards
  18 kobolds
  7 rats
  A bush (Lair:5)
  A butterfly (Lair:1)
751 creatures vanquished.

Vanquished Creatures (collateral kills)
  A radroach (Spider:3)
  A cane toad (Lair:5)
  A tarantella (Spider:1)
  2 jumping spiders
5 creatures vanquished.

Vanquished Creatures (others)
  2 steelbarb worms (Spider:1)
  A wizard (D:14)
  2 humans (D:14)
  2 gnolls (D:7)
  A white imp (D:7)
  A bush (Lair:5)
  10 fulminant prisms (IceCv)
  59 fungi
  116 plants
194 creatures vanquished.

Grand Total: 950 creatures vanquished

Notes
Turn   | Place    | Note
-------+----------+-------------------------------------------
     0 | D:1      | Armakuni the Demigod Conjurer began the quest for the Orb.
     0 | D:1      | Reached XP level 1. HP: 14/14 MP: 5/5
   473 | D:1      | Reached XP level 2. HP: 20/20 MP: 5/7
   476 | D:1      | Learned a level 2 spell: Searing Ray
  1825 | D:2      | Reached XP level 3. HP: 26/26 MP: 5/8
  2519 | D:3      | Reached skill level 5 in Conjurations
  2862 | D:3      | Reached XP level 4. HP: 31/33 MP: 3/9
  2866 | D:3      | Learned a level 3 spell: Mephitic Cloud
  3310 | D:3      | Identified the +0 whip "Jucus" {speed, Int+6}
  3619 | D:4      | Noticed a wyvern
  3619 | D:4      | Found a runed translucent gate.
  3619 | D:4      | Found a runed translucent gate.
  3620 | D:4      | Noticed sentinel's ghost (amateur MeEE)
  3620 | D:4      | Noticed an ogre
  3624 | D:4      | Found a runed translucent gate.
  3748 | D:4      | Reached XP level 5. HP: 38/38 MP: 5/10
  4445 | D:4      | Noticed an ogre
  4452 | D:4      | Killed an ogre
  4970 | D:4      | Reached XP level 6. HP: 45/45 MP: 6/11
  5095 | D:4      | Found a runed translucent door.
  5096 | D:4      | Noticed Crazy Yiuf
  5103 | D:4      | Killed Crazy Yiuf
  5355 | D:5      | Entered Level 5 of the Dungeon
  5368 | D:5      | Noticed Ijyb
  5373 | D:5      | Noticed Pikel
  5379 | D:5      | Killed Ijyb
  5382 | D:5      | Killed Pikel
  5383 | D:5      | Reached XP level 7. HP: 36/50 MP: 1/12
  6867 | D:6      | Reached XP level 8. HP: 53/57 MP: 4/13
  7054 | D:6      | Reached skill level 10 in Conjurations
  7625 | D:6      | Learned a level 5 spell: Lightning Bolt
  8456 | D:7      | Reached skill level 5 in Spellcasting
  8462 | D:7      | Learned a level 5 spell: Freezing Cloud
  8658 | D:7      | Reached skill level 1 in Evocations
  9245 | D:7      | Found a staircase to the Ecumenical Temple.
  9271 | D:7      | Reached XP level 9. HP: 49/62 MP: 10/21
  9990 | D:8      | Noticed Maggie
  9999 | D:8      | Killed Maggie
 10005 | D:8      | Learned a level 4 spell: Iskenderun's Mystic Blast
 10553 | D:8      | Reached skill level 1 in Ice Magic
 10553 | D:8      | Reached skill level 1 in Air Magic
 10721 | D:8      | Reached skill level 2 in Air Magic
 10920 | D:9      | Noticed Maurice
 10930 | D:9      | Killed Maurice
 11120 | D:9      | Reached skill level 3 in Air Magic
 11126 | D:9      | Noticed a deep elf pyromancer
 11444 | D:9      | Killed a deep elf pyromancer
 11445 | D:9      | Reached XP level 10. HP: 33/69 MP: 20/25
 11798 | D:9      | Reached skill level 4 in Air Magic
 11805 | D:9      | Noticed a two-headed ogre
 12170 | D:9      | Noticed a two-headed ogre
 12175 | D:9      | Killed a two-headed ogre
 12176 | D:9      | Reached skill level 5 in Ice Magic
 12176 | D:9      | Reached skill level 5 in Air Magic
 12180 | D:9      | Reached skill level 6 in Air Magic
 12387 | D:9      | Reached skill level 7 in Air Magic
 12513 | D:9      | Killed a two-headed ogre
 12641 | D:9      | Identified the amulet of Xoafair {Acrobat Fly rF+ rN+
                  | Dex+2}
 12784 | D:9      | Noticed a centaur warrior
 12795 | D:9      | Killed a centaur warrior
 12796 | D:9      | Reached skill level 8 in Air Magic
 12797 | D:9      | Noticed a fire dragon
 12799 | D:9      | Noticed a wizard
 12818 | D:9      | Killed a wizard
 13000 | D:10     | Entered Level 10 of the Dungeon
 13010 | D:10     | Reached XP level 11. HP: 74/74 MP: 20/26
 13048 | D:10     | Reached skill level 9 in Air Magic
 13230 | D:10     | Reached skill level 10 in Air Magic
 13527 | D:10     | Reached skill level 1 in Fighting
 13527 | D:10     | Reached skill level 1 in Staves
 13528 | D:10     | Reached skill level 1 in Armour
 13726 | D:11     | Found a staircase to the Lair.
 13958 | Lair:1   | Entered Level 1 of the Lair of Beasts
 14418 | Lair:1   | Noticed Joseph
 14427 | Lair:1   | Killed Joseph
 14875 | Lair:1   | Reached skill level 1 in Translocations
 15144 | Lair:1   | Noticed a five-headed hydra
 15150 | Lair:1   | Killed a five-headed hydra
 15778 | Lair:2   | Found a staircase to the Shoals.
 15866 | Lair:2   | Found a hole to the Spider Nest.
 16863 | Lair:2   | Reached XP level 12. HP: 66/89 MP: 12/27
 17335 | Lair:3   | Noticed a catoblepas
 17788 | Lair:3   | Reached skill level 5 in Evocations
 18180 | Lair:3   | Noticed an eight-headed hydra
 18195 | Lair:3   | Killed an eight-headed hydra
 18196 | Lair:3   | Reached skill level 5 in Dodging
 18273 | Lair:3   | Noticed a boulder beetle
 18283 | Lair:3   | Killed a boulder beetle
 18284 | Lair:3   | Reached skill level 5 in Armour
 18511 | Lair:3   | Killed a catoblepas
 19386 | Lair:4   | Reached skill level 5 in Fighting
 19386 | Lair:4   | Reached skill level 5 in Staves
 19622 | Lair:4   | Noticed a five-headed hydra
 19628 | Lair:4   | Killed a five-headed hydra
 20582 | Lair:4   | Learned a level 8 spell: Maxwell's Capacitive Coupling
 20589 | Lair:5   | Entered Level 5 of the Lair of Beasts
 20594 | Lair:5   | Reached XP level 13. HP: 100/100 MP: 20/29
 20659 | Lair:5   | Reached skill level 11 in Air Magic
 22218 | Lair:5   | Found a staircase to the Slime Pits.
 23234 | D:11     | Reached skill level 12 in Air Magic
 23297 | D:11     | Noticed Flugkiller's ghost (journeyman MiFi)
 23312 | D:11     | Found a runed translucent gate.
 23312 | D:11     | Found a runed translucent gate.
 23313 | D:11     | Found a runed translucent gate.
 23314 | D:11     | Noticed a minotaur
 23414 | D:11     | Found a staircase to the Orcish Mines.
 23425 | Orc:1    | Entered Level 1 of the Orcish Mines
 23753 | Orc:1    | Reached XP level 14. HP: 80/107 MP: 21/32
 24034 | Orc:2    | Entered Level 2 of the Orcish Mines
 24036 | Orc:2    | Found Moetic's Antique Weapon Shop.
 24114 | Orc:2    | Noticed an orc warlord
 24206 | Orc:1    | Reached skill level 10 in Spellcasting
 24828 | Orc:2    | Noticed Josephine
 24921 | Orc:1    | Killed Josephine
 25568 | Orc:1    | Killed an orc warlord
 25619 | Orc:2    | Found Deikeppi's Jewellery Shop.
 25821 | Orc:2    | Found a staircase to the Elven Halls.
 26381 | Orc:2    | Found Cuekhl Cecho's Antique Armour Boutique.
 26407 | Orc:2    | Found Anwak's General Store.
 26415 | Orc:2    | Bought a potion of curing for 45 gold pieces
 26415 | Orc:2    | Bought a scroll of identify for 30 gold pieces
 26416 | Orc:2    | Bought a scroll of identify for 30 gold pieces
 26635 | Orc:2    | Found Waphehya's Antique Weapon Shoppe.
 26824 | Orc:2    | Bought a book of Frost for 330 gold pieces
 26824 | Orc:2    | Bought a scroll of magic mapping for 112 gold pieces
 26858 | Orc:2    | Bought the ring of Tesez {rPois MP+9 Int+2 Dex+4} for 613
                  | gold pieces
 26948 | Spider:1 | Entered Level 1 of the Spider Nest
 26948 | Spider:1 | Noticed Mlioglotl
 26957 | Spider:1 | Killed Mlioglotl
 26958 | Spider:1 | Reached skill level 10 in Armour
 26958 | Spider:1 | Reached skill level 13 in Air Magic
 27142 | Lair:2   | Learned a level 3 spell: Frozen Ramparts
 27753 | D:12     | Found Isuotaehe's Vocational Training.
 27860 | D:12     | Noticed Sonja
 27862 | D:12     | Killed Sonja
 27930 | D:12     | Found Kuluiwke's Assorted Antiques.
 27972 | D:12     | Reached skill level 1 in Shields
 27972 | D:12     | Noticed Nessos
 27978 | D:12     | Killed Nessos
 28328 | D:13     | Noticed Frances
 28354 | D:13     | Killed Frances
 30136 | D:13     | Noticed Snorg
 30145 | D:13     | Killed Snorg
 30146 | D:13     | Reached skill level 14 in Air Magic
 30934 | D:14     | Noticed Kirke
 30938 | D:14     | Noticed a sphinx
 30940 | D:14     | Killed Kirke
 31564 | D:14     | Reached XP level 15. HP: 79/113 MP: 33/33
 31849 | D:14     | Reached skill level 15 in Air Magic
 31915 | D:14     | Found a gate to the Vaults.
 32208 | D:14     | Found Kiyt Taerae's Magic Scroll Emporium.
 32219 | D:14     | Bought a scroll of teleportation for 45 gold pieces
 32219 | D:14     | Bought a scroll of teleportation for 45 gold pieces
 32219 | D:14     | Bought a scroll of teleportation for 45 gold pieces
 32219 | D:14     | Bought a scroll of teleportation for 45 gold pieces
 32219 | D:14     | Bought a scroll of immolation for 60 gold pieces
 32246 | D:14     | Found Doupt's General Store.
 32420 | D:14     | Found Vuatox's Magic Scroll Shop.
 32424 | D:14     | Bought a scroll of teleportation for 39 gold pieces
 32424 | D:14     | Bought a scroll of teleportation for 39 gold pieces
 32424 | D:14     | Bought a scroll of immolation for 52 gold pieces
 32502 | D:15     | Entered Level 15 of the Dungeon
 34132 | Spider:2 | Reached skill level 5 in Shields
 34357 | Spider:2 | Found a frozen archway.
 34426 | IceCv    | Entered an ice cave
 34431 | IceCv    | Reached skill level 16 in Air Magic
 34667 | IceCv    | Identified the +1 pair of gloves of Distant Shores {Int+3}
 35493 | IceCv    | Learned a level 4 spell: Fulminant Prism
 35857 | IceCv    | Got Sif Muna's Vademecum on Hurtful Direction
 36706 | Spider:2 | Identified the +6 dagger of the Seven Moons {vorpal, rC++
                  | rCorr}
 37236 | Spider:3 | HP: 3/113 [jumping spider (10)]
 37237 | Spider:3 | Demolished by a redback simulacrum

Illustrated notes

Levels and vault maps discovered:
D:1:      roderic_dead_forest, layout_basic, ebering_ecumenical_altar_abandoned
D:2:      layout_loops_ring
D:3:      layout_loops_cross, mainiacjoe_overflow_chevrons
D:4:      layout_basic, gammafunk_ghost_split, minmay_misc_feat_roman,
          minmay_misc_feat_pillars, uniq_crazy_yiuf_cottage
D:5:      layout_layer_cave, uniq_pikel, uniq_ijyb
D:6:      layout_rooms
D:7:      layout_loops_corners, minmay_temple_entry_antechambers,
          lemuel_flamethrower_2
D:8:      layout_basic, uniq_maggie
D:9:      minmay_the_grid_net [minmay_the_grid_eight, minmay_the_grid_x,
          minmay_the_grid_outer_diamond, minmay_the_grid_all_tris,
          minmay_the_grid_medium_cups, minmay_the_grid_prize_shrinking_boxes],
          layout_rooms, uniq_maurice
D:10:     cheibrodos_helix_gallery, layout_rooms
D:11:     layout_cave_pools, david_lair_shrubbed,
          kennysheep_orc_monster_closet_entryway, maelrawn_ghost_gauntlet_escape
D:12:     layout_rooms, serial_shops, kennysheep_little_box, hex_medium,
          small_statue_intersection, nicolae_shop_vocational, uniq_nessos,
          uniq_sonja
D:13:     layout_loops_ring, uniq_frances, uniq_snorg
D:14:     wad_pebble_path, layout_basic, grunt_vaults_entry_fortified,
          serial_shops, nicolae_shop_behind_doors, nicolae_shop_behind_doors,
          nicolae_shop_waterfront, nicolae_figureground_sparkle, uniq_kirke
D:15:     gammafunk_depths_entry_grave, layout_layer_cave, vehumet_crystals,
          uniq_azrael
Lair:1:   layout_long_grid, lemuel_fruit_fields, grunt_megastairs_4,
          lemuel_fruit_tree, uniq_joseph
Lair:2:   layout_regular_city, minmay_shoals_entry_lonely_mermaid,
          nicolae_spider_entry_tight_spaces
Lair:3:   layout_hall_layers, basic_altar
Lair:4:   cheibrodos_lair_overgrown_chateau, layout_hall_layers
Lair:5:   hangedman_lair_tendril_chambers, layout_misc_corridors,
          minmay_slime_entry_jelly_boxes
Spider:1: layout_spider_delve, uniq_mlioglotl
Spider:2: layout_cave_pods, portal_ice_cave_entry_ice_simulacra
Spider:3: layout_spider_delve, drop_trap, nicolae_spider_jagged_tunnels,
          uniq_louise
Orc:1:    layout_caves, nicolae_volcano_entry_vermiform, basic_altar
Orc:2:    grunt_orc_gardens, layout_caves, grunt_orc_garden, grunt_orc_garden,
          grunt_orc_garden, grunt_orc_garden, serial_shops,
          nicolae_shop_window_shopping, uniq_josephine

Skill      XL: |  1  2  3  4  5  6  7  8  9 10 11 12 13 14 15 |
---------------+----------------------------------------------+-----
Conjurations   | 4 5 6 8 9 10 | 10.0
Spellcasting   | 5 7 8 9 10 | 10.0
Evocations     | 3 4 5 |  5.0
Ice Magic      | 3 5 |  5.0
Air Magic      | 3 8 10 12 14 16 | 16.7
Dodging        | 3 5 |  5.0
Fighting       | 3 5 |  5.0
Staves         | 3 5 |  5.0
Armour         | 3 6 8 10 | 10.0
Translocations | 2 4 |  4.0
Shields        | 4 6 |  6.0
Stealth        | |  1.7

Action                   |  1- 3 |  4- 6 |  7- 9 | 10-12 | 13-15 || total
-------------------------+-------+-------+-------+-------+-------++-------
Melee: Unarmed           |     1 |       |       |       |       ||     1
       Long sword        |     3 |       |       |       |       ||     3
       Whip              |     3 |     8 |    17 |    12 |    44 ||    84
       Punch             |     1 |       |       |       |       ||     1
       Quarterstaff      |       |       |     9 |   123 |   169 ||   301
Throw: Dart              |       |       |       |     5 |    19 ||    24
       Throwing net      |       |       |       |       |     6 ||     6
 Cast: Magic Dart        |    26 |       |       |       |       ||    26
       Searing Ray       |    29 |    34 |    67 |     7 |    29 ||   166
       Mephitic Cloud    |       |     2 |     8 |     2 |       ||    12
       Iskenderun's Myst |       |       |    15 |    59 |   175 ||   249
       Freezing Cloud    |       |       |     8 |    90 |   168 ||   266
       Lightning Bolt    |       |       |       |       |    94 ||    94
       Frozen Ramparts   |       |       |       |       |    16 ||    16
       Fulminant Prism   |       |       |       |       |    10 ||    10
       Maxwell's Capacit |       |       |       |       |     1 ||     1
Evoke: Wand              |       |     7 |     4 |     6 |    65 ||    82
  Use: Scroll            |       |     8 |     8 |     7 |    22 ||    45
       Potion            |       |       |       |     2 |     8 ||    10
 Stab: Sleeping          |     1 |       |       |       |       ||     1
       Confused          |       |       |     1 |     1 |       ||     2
Armor: Robe              |     2 |     2 |    23 |    16 |       ||    43
       Acid dragon scale |       |       |       |    56 |   229 ||   285
Dodge: Dodged            |     9 |    13 |    57 |    91 |   285 ||   455
Block: Buckler           |       |       |       |       |    57 ||    57
